 Dungeon Crawl Stone Soup version 0.28-a0-1632-g283549b12f (webtiles) character file.

Game seed: 3838742225532440073

436 Peloso the Slasher (level 6, -1/55 HPs)
             Began as a Minotaur Fighter on Jan 25, 2022.
             Slain by a sky beast (6 damage)
             ... on level 5 of the Dungeon.
             The game lasted 00:04:47 (3619 turns).

Peloso the Slasher (Minotaur Fighter)               Turns: 3619, Time: 00:04:49

Health: -1/55      AC:  9    Str: 21    XL:     6   Next: 68%
Magic:  5/5        EV:  8    Int:  5    God:
Gold:   94         SH:  5    Dex: 11    Spells: 5/5 levels left

rFire   . . .      SeeInvis .   a - +0 long sword
rCold   . . .      Faith    .   c - +0 buckler
rNeg    . . .      Spirit   .   s - +0 chain mail
rPois   .          Reflect  .   (helmet restricted)
rElec   .          Harm     .   (no cloak)
rCorr   .          Rampage  .   (no gloves)
Will    .....                   (no boots)
Stlth   ..........              (no amulet)
HPRegen 0.18/turn               (no ring)
MPRegen 0.09/turn               (no ring)

@: mighty
A: horns 2, retaliatory headbutt
a: no special abilities


You were on level 5 of the Dungeon.
You visited 1 branch of the dungeon, and saw 5 of its levels.

You collected 122 gold pieces.
You spent 28 gold pieces at shops.

Inventory:

Hand Weapons
 a - a +0 long sword (weapon)
Missiles
 n - a throwing net (quivered)
Armour
 b - a +0 scale mail
 c - a +0 buckler (worn)
 s - a +0 chain mail (worn)
Jewellery
 f - a ring of magical power
Wands
 k - a wand of mindburst (13)
Scrolls
 g - 3 scrolls of identify
 i - a scroll of magic mapping {unknown}
 m - a scroll of fear {unknown}
 q - a scroll of vulnerability {unknown}
 r - a scroll of enchant weapon {unknown}
 t - a scroll of noise {unknown}
Potions
 e - a potion of magic
 h - a potion of cancellation {unknown}
 j - a potion of attraction {unknown}
 l - a potion of curing
 o - 2 potions of flight {unknown}
 p - a potion of invisibility {unknown}


   Skills:
 + Level 4.8 Fighting
 + Level 5.7 Long Blades
 + Level 5.4 Armour
 + Level 1.8 Dodging
 + Level 0.4 Stealth
 + Level 4.6 Shields


You had 5 spell levels left.
You didn't know any spells.
Your spell library contained the following spells:

 Spells                   Type           Power      Damage    Failure   Level
 Corpse Rot               Necr/Air       0%         N/A       100%        2
 Poisonous Vapours        Pois/Air       0%         N/A       100%        2
 Fulminant Prism          Conj/Hex       0%         3d6       100%        4
 Iskenderun's Mystic Bla  Conj/Tloc      0%         2d3       100%        4
 Lee's Rapid Deconstruct  Erth           0%         3d5*      100%        5


Dungeon Overview and Level Annotations

Branches:
Dungeon (5/15)
 Temple: D:4-7

Altars:

Shops:
D:1 (   D:4 ?


Innate Abilities, Weirdness & Mutations

You have a pair of horns on your head.
You reflexively headbutt those who attack you in melee.


Message History

Deactivating autopickup; reactivate with Ctrl-A.
The black bear misses you. You block the black bear's attack.
The black bear claws you.
* * * LOW HITPOINT WARNING * * *
It was a potion of curing.
You feel better.
The black bear bites you but does no damage.
The black bear completely misses you. x2
You feel very mighty all of a sudden.
You block the black bear's attack. x2; The black bear closely misses you.
You closely miss the black bear.
The black bear is moderately wounded.
You block the black bear's attack. The black bear claws you.
* * * LOW HITPOINT WARNING * * *
The black bear closely misses you.
You slash the black bear!
The black bear is almost dead.
You block the black bear's attack. The black bear barely misses you.
The black bear closely misses you.
You closely miss the black bear.
The black bear is almost dead.
The black bear goes berserk!
You barely miss the black bear.
The black bear is almost dead.
The black bear misses you. You furiously retaliate!
You headbutt the black bear!
You kill the black bear!
A sky beast appears from thin air!
Reactivating autopickup.
The sky beast hits you.
* * * LOW HITPOINT WARNING * * *
The sky beast shocks you.
* * * LOW HITPOINT WARNING * * *
You completely miss the sky beast.
The sky beast is moderately wounded.
The sky beast flickers out of sight!
Deactivating autopickup; reactivate with Ctrl-A.
Something hits you.
* * * LOW HITPOINT WARNING * * *
Something shocks you.
You die...

........#.#.##
#.#.#.#
...........Y>#
#.#.#.#
.....)..#.#..#
#.#.#.#
........#.#..#
#.#.#.#
#######.#.#..#
#.#.#.#
#.#.#..# ..#
#.# #.#.#..#
#.# #.#{#..#
#.# #.#@#..#
#.# #.#..# #.#
#.# #.# #.#
#.# ### #.#
#.# #.# #.#
#.#


There were no monsters in sight!

Vanquished Creatures
  A black bear (D:5)
  A scorpion (D:4)
  A water moccasin skeleton (D:4)
  A hound (D:4)
  An iguana (D:5)
  Robin (D:3)
  3 adders (D:2)
  3 gnolls (D:3)
  4 worms
  3 dart slugs
  An orc (D:4)
  7 endoplasms
  4 giant cockroaches
  12 goblins
  14 hobgoblins
  9 kobolds
  3 quokkas (D:1)
  8 ball pythons
  5 frilled lizards
  7 rats
89 creatures vanquished.

Vanquished Creatures (others)
  109 plants (D:1)
109 creatures vanquished.

Grand Total: 198 creatures vanquished

Notes
Turn   | Place    | Note
-------+----------+-------------------------------------------
     0 | D:1      | Peloso the Minotaur Fighter began the quest for the Orb.
     0 | D:1      | Reached XP level 1. HP: 19/19 MP: 0/0
    69 | D:1      | Reached XP level 2. HP: 26/27 MP: 1/1
    87 | D:1      | Found Iryoptyu's Weapon Emporium.
   987 | D:1      | Reached XP level 3. HP: 33/33 MP: 2/2
  1442 | D:2      | Reached XP level 4. HP: 35/40 MP: 3/3
  1920 | D:3      | Reached skill level 1 in Dodging
  1932 | D:3      | Noticed Robin
  1940 | D:3      | Killed Robin
  2204 | D:3      | Reached XP level 5. HP: 37/46 MP: 4/4
  2534 | D:4      | Reached skill level 5 in Armour
  2803 | D:4      | Found Muimiocu's Magic Scroll Boutique.
  2823 | D:4      | Bought a scroll of identify for 28 gold pieces
  2922 | D:4      | Reached skill level 5 in Long Blades
  2922 | D:4      | Reached XP level 6. HP: 41/53 MP: 5/5
  3369 | D:5      | Entered Level 5 of the Dungeon
  3593 | D:5      | Noticed a sky beast
  3619 | D:5      | Slain by a sky beast

Illustrated notes

Levels and vault maps discovered:
D:1:      roderic_crop_circles_arrival_small, layout_basic, serial_shops, shop
D:2:      layout_basic, amcnicky_mini_pool_small
D:3:      layout_basic, uniq_robin
D:4:      layout_loops_cross, serial_shops, shop
D:5:      layout_basic, lemuel_coloured_pillars_altar,
          minmay_temple_entry_slanted, uniq_menkaure

Skill      XL: |  1  2  3  4  5 |
---------------+----------------+-----
Shields        | 4 |  4.6
Armour         | 4 5 |  5.4
Fighting       | 4 |  4.8
Long Blades    | 3 4 5 |  5.7
Dodging        | 1 |  1.8
Stealth        | |  0.4

Action                   |  1- 3 |  4- 6 || total
-------------------------+-------+-------++-------
Melee: Long sword        |    92 |   132 ||   224
       Headbutt          |     8 |    23 ||    31
  Use: Potion            |       |     3 ||     3
Armor: Scale mail        |    42 |    39 ||    81
       Chain mail        |       |    23 ||    23
Dodge: Dodged            |    45 |    59 ||   104
Block: Buckler           |    27 |    28 ||    55

Table legend: (Time is in decaauts)
 A = Elapsed time spent in this place.
 B = Non-inter-level travel time spent in this place.
 C = Inter-level travel time spent in this place.
 D = Time resting spent in this place.
 E = Time spent auto-exploring this place.
 F = Levels seen in this place.
 G = Mean time per level.
                   A        B        C        D        E       F      G
               +--------+--------+--------+--------+--------+-----+--------+
         Total |   3676 |   3575 |    101 |      0 |   2887 |   5 |  735.2 |
       Dungeon |   3676 |   3575 |    101 |      0 |   2887 |   5 |  735.2 |
               +--------+--------+--------+--------+--------+-----+--------+

Top non-repeatable levels by time:
     D:1: 1038 daAuts
     D:4: 866 daAuts
     D:3: 760 daAuts
     D:2: 759 daAuts
     D:5: 252 daAuts
